 Dungeon Crawl Stone Soup version 0.21.1-1-g345015f (webtiles) character file.

7 shakethe the Grave Robber (level 1, -1/14 HPs)
             Began as a Demonspawn Necromancer on Feb 19, 2018.
             Slain by a kobold
             ... wielding a +0 dagger
              (3 damage)
             ... on level 1 of the Dungeon.
             The game lasted 00:01:16 (357 turns).

shakethe the Grave Robber (Demonspawn Necromancer)   Turns: 357, Time: 00:01:17

Health: -1/14      AC:  2    Str:  8    XL:     1   Next: 83%
Magic:  1/3        EV: 12    Int: 16    God:
Gold:   45         SH:  0    Dex: 13    Spells: 3/4 levels left

rFire    . . .     SeeInvis .   e - +0 club
rCold    . . .     Gourm    .   (no shield)
rNeg     . . .     Faith    .   a - +0 robe
rPois    .         Spirit   .   (no helmet)
rElec    .         Reflect  .   (no cloak)
rCorr    .         Harm     .   (no gloves)
MR       .....                  (no boots)
Stlth    ++........             (no amulet)
HPRegen  0.04/turn              (no ring)
MPRegen  0.08/turn              (no ring)

@: no status effects
A: no striking features
a: no special abilities


You were on level 1 of the Dungeon.
You were not hungry.

You visited 1 branch of the dungeon, and saw 1 of its levels.

You collected 45 gold pieces.

Inventory:

Hand Weapons
 e - a +0 club (weapon)
   (You took it off a hobgoblin on level 1 of the Dungeon)
Armour
 a - a +0 robe (worn)
Jewellery
 h - an uncursed amulet of magic regeneration {unknown}
   (You found it on level 1 of the Dungeon)
Scrolls
 g - a scroll of noise {unknown}
 i - 2 scrolls of identify {unknown}
Potions
 d - a potion of agility {unknown}
Books
 b - a book of Necromancy
Comestibles
 c - 4 rations


   Skills:
 + Level 0.6 Fighting
 - Level 1.7 Dodging
 - Level 1.7 Stealth
 + Level 2.1 Spellcasting
 + Level 4.5 Necromancy


You had 3 spell levels left.
You knew the following spells:

 Your Spells              Type           Power        Failure   Level  Hunger
a - Pain                  Necr           ###.         3%          1    #......


Dungeon Overview and Level Annotations

Branches:
Dungeon (1/15)

Altars:


Message History

The hobgoblin writhes in agony!
You take 1 damage, and have 10/13 hp.
You now have 0/3 mp.
You don't have enough magic to cast that spell.
You don't have enough magic to cast that spell.
The bat closely misses you. x2
The bat hits you but does no damage. The bat barely misses you.
The bat hits you but does no damage.
You miss the bat. The bat hits you. The bat barely misses you.
You take 1 damage, and have 9/13 hp.
You closely miss the bat. The bat closely misses you. x2
You barely miss the bat. The bat closely misses you.
The bat hits you but does no damage.
You hit the bat but do no damage. The bat closely misses you.
You hit the bat. The bat barely misses you.
You hit the bat.
You kill the bat!
Aim: a hobgoblin, wielding a club (severely wounded, chance to defeat MR: 85%)
The hobgoblin writhes in agony!
You kill the hobgoblin!
You take 1 damage, and have 9/14 hp.
You now have 0/3 mp.
e - a club
There are no items here.
There are no items here.
There are no items here.
e - a +0 club (weapon)
You start resting.
Health restored: 14; MP restored: 3
There is an escape hatch in the floor here.
c - 3 rations (gained 1)
You now have 39 gold pieces (gained 10).
g - a scroll labeled ROCYTU MONYO You enter a teleport trap!
The teleport trap disappears.
Your surroundings suddenly seem different.
You now have 45 gold pieces (gained 6).
A hobgoblin comes into view. It is wielding a club.
You see here a glowing silver amulet.
h - a glowing silver amulet
Aim: a hobgoblin, wielding a club (resting, chance to defeat MR: 85%)
The hobgoblin shouts!
The hobgoblin writhes in agony!
You kill the hobgoblin!
You hear a shout!
You take 1 damage, and have 13/14 hp.
You now have 2/3 mp.
A kobold comes into view. It is wielding a dagger.
Health restored: 14 MP restored: 3
Aim: a kobold, wielding a dagger (chance to defeat MR: 87%)
The kobold writhes in agony!
You kill the kobold!
You take 1 damage, and have 13/14 hp.
You now have 2/3 mp.
Things that are here:
a dagger; a kobold corpse
i - a scroll labeled QUEROSKOZAX MP restored: 3
There are no items here.
Health restored: 14
c - 4 rations (gained 1) All of the chunks of flesh in your inventory have rotted away.
i - 2 scrolls labeled QUEROSKOZAX (gained 1)
There are no items here.
A rat comes into view.
Aim: a rat (resting, chance to defeat MR: 87%)
The rat writhes in agony!
You kill the rat!
You take 1 damage, and have 13/14 hp.
You now have 2/3 mp.
A kobold comes into view. It is wielding a dagger.
Aim: a kobold, wielding a dagger (resting, chance to defeat MR: 87%)
The kobold shouts!
The kobold barely resists.
The kobold throws a stone.
The stone closely misses you.
You take 1 damage, and have 12/14 hp.
You now have 1/3 mp.
Aim: a kobold, wielding a dagger (chance to defeat MR: 87%)
The kobold writhes in agony!
The kobold throws a stone.
The stone closely misses you.
You take 1 damage, and have 11/14 hp.
You now have 1/3 mp.
Aim: a kobold, wielding a dagger (moderately wounded, chance to defeat MR: 87%)
The kobold barely resists.
The kobold throws a stone.
The stone barely misses you.
You don't know that spell.
You take 1 damage, and have 10/14 hp.
You now have 0/3 mp.
The kobold hits you but does no damage. The kobold hits you but does no damage.
You hit the kobold. The kobold hits you with a dagger.
You take 1 damage, and have 9/14 hp.
You barely miss the kobold. The kobold closely misses you.
The kobold hits you but does no damage.
You barely miss the kobold. The kobold hits you with a dagger.
You take 4 damage, and have 5/14 hp.
MASSIVE DAMAGE!!
You barely miss the kobold. The kobold hits you but does no damage.
You hit the kobold but do no damage. The kobold hits you with a dagger.
* * * LOW HITPOINT WARNING * * *
You take 3 damage, and have 2/14 hp.
MASSIVE DAMAGE!!
You barely miss the kobold. The kobold hits you but does no damage.
The kobold barely misses you.
You closely miss the kobold. The kobold hits you with a dagger.
You die...

###########
###.(.(......
#####......#
$.....#.##.#
......K@##.#
##########.###
#...# ###.#
#.# #.# #.#
#.# ..# #.#
#.#


You could see a kobold.

Vanquished Creatures
  2 bats (D:1)
  2 hobgoblins (D:1)
  A kobold (D:1)
  A rat (D:1)
6 creatures vanquished.

Notes
Turn   | Place    | Note
-------+----------+-------------------------------------------
     0 | D:1      | shakethe the Demonspawn Necromancer began the quest for the Orb.
     0 | D:1      | Reached XP level 1. HP: 13/13 MP: 3/3
   355 | D:1      | HP: 2/14 [kobold/dagger (4)]
   357 | D:1      | Slain by a kobold

Action                   || total
-------------------------++-------
Melee: Club              ||     7
       Unarmed           ||     6
 Cast: Pain              ||    11
Armor: Robe              ||     7
Dodge: Dodged            ||    15

Vault maps used:
D:1:      scummos_arrival_gate

Table legend:
 A = Turns spent in this place as a percentage of turns spent in the entire game.
 B = Non-inter-level travel turns spent in this place as a percentage of non-inter-level travel turns spent in the entire game.
 C = Inter-level travel turns spent in this place as a percentage of turns spent in this place.
 D = Turns resting spent in this place as a percentage of non-inter-level travel turns spent in this place.
 E = Turns spent auto-exploring this place as a percentage of non-inter-level travel turns spent in this place.
 F = Non-inter-level travel turns spent in this place divided by the number of levels of this place that you've seen.
                   A       B       C       D       E      F
               +-------+-------+-------+-------+-------+----------------------
         Total | 100.0 | 100.0 |   0.0 |  27.5 |  32.5 | 357.0
       Dungeon | 100.0 | 100.0 |   0.0 |  27.5 |  32.5 | 357.0
               +-------+-------+-------+-------+-------+----------------------

Table legend:
 A = Kills in this place as a percentage of kills in entire the game.
 B = Kills by you in this place as a percentage of kills by you in the entire game.
 C = Kills by friends in this place as a percentage of kills by friends in the entire game.
 D = Other kills in this place as a percentage of other kills in the entire game.
 E = Experience gained in this place as a percentage of experience gained in the entire game.
 F = Experience gained in this place divided by the number of levels of this place that you have seen.
                   A       B       C       D       E      F
               +-------+-------+-------+-------+-------+----------------------
         Total | 100.0 | 100.0 |   N/A |   N/A | 100.0 |  10.0
       Dungeon | 100.0 | 100.0 |   N/A |   N/A | 100.0 |  10.0
               +-------+-------+-------+-------+-------+----------------------
